 Dungeon Crawl Stone Soup version 0.30-a0-462-gd5975efbca (webtiles) character file.

Game seed: 5239449667503062454

174 tsouns the Magician (level 5, 0/28 (41) HPs)
             Began as a Mummy Reaver on Dec 16, 2022.
             Slain by a gnoll
             ... wielding a +0 halberd
             ... led by a gnoll bouda
              (14 damage)
             ... on level 3 of the Dungeon.
             The game lasted 00:06:39 (2066 turns).

tsouns the Magician (Mummy Reaver)                  Turns: 2066, Time: 00:06:40

HP:   0/28 (41)     AC:  6    Str: 19    XL:     5   Next: 28%
MP:   11/11         EV: 11    Int: 14    God:
Gold: 1102          SH:  0    Dex: 10    Spells: 4/12 levels left

rFire   x . .      SeeInvis .    m - +1 halberd (vorpal)
rCold   + . .      Faith    +    (shield currently unavailable)
rNeg    + + +      Spirit   .    b - +0 leather armour
rPois   ∞          Reflect  .    (no helmet)
rElec   .          Harm     .    (no cloak)
rCorr   .          Rampage  .    g - +2 pair of gloves {Str+3}
Will    .....                    (no boots)
Stlth   +.........               (no amulet)
HPRegen 0.24/turn                (no ring)
MPRegen 0.12/turn                (no ring)

@: very heavily drained
A: cold resistance 1, negative energy resistance 3, torment resistance 2, heat
vulnerability 1, in touch with death 1, no potions, faith
a: no special abilities


You were on level 3 of the Dungeon.
You visited 1 branch of the dungeon, and saw 3 of its levels.

You collected 1102 gold pieces.

Inventory:

Hand Weapons
 a - a +0 spear
 e - a +0 short sword of venom
 i - a +2 dagger of electrocution
 m - a +1 vorpal halberd (weapon)
Armour
 b - a +0 leather armour (worn)
 g - a +2 pair of gloves of strength (worn)
 k - a +0 pair of gloves
Scrolls
 c - 2 scrolls of teleportation
 d - a scroll of enchant weapon {unknown}
 l - a scroll of magic mapping


   Skills:
 + Level 3.1 Fighting
 * Level 3.2 Polearms
 - Level 1.5 Dodging
 + Level 4.1 Spellcasting
 + Level 3.2 Conjurations


You had 4 spell levels left.
You knew the following spells:

 Your Spells              Type           Power      Damage    Failure   Level
a - Kiss of Death         Conj/Necr      44%        2d8       12%         1
b - Momentum Strike       Conj/Tloc      14%        3d8       19%         2
c - Hailstorm             Conj/Ice       7%         3d4       34%         3
d - Poisonous Vapours     Pois/Air       4%         N/A       34%         2

Your spell library contained the following spells:

 Spells                   Type           Power      Damage    Failure   Level
 Sting                    Tmut/Pois      8%         1d3       22%         1
 Olgreb's Toxic Radiance  Pois           2%         N/A       92%         4


Dungeon Overview and Level Annotations

Branches:
Dungeon (3/15)

Altars:


Innate Abilities, Weirdness & Mutations

You are immune to poison.
Your flesh is cold resistant. (rC+)
You are immune to negative energy. (rN+++)
You are immune to unholy pain and torment.
You are vulnerable to heat. (rF-)
You are in touch with the powers of death.
You do not drink.
You have a special connection with the divine. (Faith)


Message History

The worm bites you.
You puncture the worm!
You kill the worm!
No target in view!
No target in view!
You open the door.
There is an open door here.
A gnoll bouda comes into view. It is wielding a +0 club.
The gnoll bouda shouts!
You hear a shout!
A gnoll bouda is nearby!
The gnoll bouda barks out a call to the hunt!
An adder comes into view.
The adder hisses angrily.
A gnoll comes into view.
It is wielding a +4 halberd of protection.
The gnoll bouda barks out a call to the hunt!
You hear a shout!
The adder bites you.
A gnoll comes into view. It is wielding a +0 halberd.
The adder attacks as you move away! The adder barely misses you. x2
The adder attacks as you move away! The adder bites you but does no damage.
There is an open door here.
You closely miss the adder. The adder closely misses you.
You closely miss the adder. The adder bites you but does no damage.
The gnoll hits you from afar with a +4 halberd of protection!
The adder closely misses you. The adder bites you.
You miss the adder.
A gnoll comes into view. It is wielding a +0 flail.
The adder bites you.
As you read the scroll of torment, it crumbles to dust.
You feel a surge of unholy energy.
The adder convulses!
The gnoll bouda convulses!
The gnoll convulses! x2
The gnoll shouts!
The gnoll convulses!
The adder barely misses you. x2
Unknown command.
The air fills with toxic fumes!
As you read the scroll of poison, it crumbles to dust.
The gnoll hits you from afar with a +0 halberd!
Ouch! That really hurt!
You die...

.....###........##.............#
..............§§§§§.....###.#..#
..........)...#§§§#+###.....#..#
..............#§§§§§§§§######..#
....##.......#§§§§§§§§# ##... #
####......#§§§§§§§§#####..##
###...)..####§§§§§§§§).....##
#.....††..# #§§§§§§§§#######
#.........####@§§§§§§§#####
#......§§§§ggS§§§§§§§§....#
#......§§g§§##g§§§§§§§....#
.......§§§§..§§§§§§§§§....#
.......§§§...§§§§§§§§§....#
.......§§...§§§§§§§§§§....#
......§....§§§§§§§§§§....#
..........§##§§§§#########
##################


You could see a gnoll bouda, 3 gnolls and an adder.

Vanquished Creatures
  An orc priest (D:3)
  An iguana (D:3)
  3 gnolls (D:2)
  2 adders
  A worm (D:3)
  2 dart slugs
  6 orcs
  8 ball pythons
  2 endoplasms
  3 giant cockroaches
  A goblin (D:1)
  3 hobgoblins
  8 kobolds
  4 quokkas
  7 bats
  5 frilled lizards
  4 rats
61 creatures vanquished.

Notes
Turn   | Place    | Note
-------+----------+-------------------------------------------
     0 | D:1      | tsouns the Mummy Reaver began the quest for the Orb.
     0 | D:1      | Reached XP level 1. HP: 16/16 MP: 4/4
   122 | D:1      | Reached XP level 2. HP: 20/22 MP: 5/5
   240 | D:1      | Reached skill level 3 in Spellcasting
   846 | D:2      | Gained mutation: You are in touch with the powers of death.
                  | [Mummy growth]
   846 | D:2      | Reached XP level 3. HP: 24/25 MP: 5/7
  1197 | D:2      | Learned a level 2 spell: Momentum Strike
  1201 | D:2      | Learned a level 3 spell: Hailstorm
  1204 | D:2      | Learned a level 2 spell: Poisonous Vapours
  1290 | D:2      | Identified a scroll of acquirement
  1505 | D:2      | Reached XP level 4. HP: 33/34 MP: 9/9
  1513 | D:2      | Acquired 928 gold pieces
  1877 | D:3      | Reached skill level 4 in Spellcasting
  1877 | D:3      | Reached XP level 5. HP: 17/25 MP: 3/11
  2066 | D:3      | Slain by a gnoll

Illustrated notes

Levels and vault maps discovered:
D:1:      dpeg_arrival_refuge, layout_basic, minmay_cupped
D:2:      layout_rooms
D:3:      layout_basic, beargit_hepliaklqana_dungeon_heroes

Skill      XL: |  1  2  3  4 |
---------------+-------------+-----
Spellcasting   | 3 4 |  4.1
Conjurations   | 3 |  3.2
Polearms       | 3 |  3.2
Fighting       | 3 |  3.1
Dodging        | |  1.5

Action                   |  1- 3 |  4- 6 || total
-------------------------+-------+-------++-------
Melee: Spear             |   132 |       ||   132
       Halberd           |     6 |    54 ||    60
       Punch             |     1 |       ||     1
 Cast: Kiss of Death     |     2 |     3 ||     5
       Poisonous Vapours |     2 |     3 ||     5
  Use: Scroll            |     5 |     3 ||     8
Armor: Leather armour    |    33 |    17 ||    50
Dodge: Dodged            |    60 |    37 ||    97

Table legend: (Time is in decaauts)
 A = Elapsed time spent in this place.
 B = Non-inter-level travel time spent in this place.
 C = Inter-level travel time spent in this place.
 D = Time resting spent in this place.
 E = Time spent auto-exploring this place.
 F = Levels seen in this place.
 G = Mean time per level.
                   A        B        C        D        E       F      G
               +--------+--------+--------+--------+--------+-----+--------+
         Total |   2083 |   1990 |     93 |     34 |   1388 |   3 |  694.3 |
       Dungeon |   2083 |   1990 |     93 |     34 |   1388 |   3 |  694.3 |
               +--------+--------+--------+--------+--------+-----+--------+

Top non-repeatable levels by time:
     D:1: 911 daAuts
     D:2: 723 daAuts
     D:3: 447 daAuts
